 Dungeon Crawl Stone Soup version 0.17-a0-2148-g9c1f372 (webtiles) character file.

1055 Geeful the Ruffian (level 8, -3/79 HPs)
             Began as a Troll Monk on Oct 24, 2015.
             Slain by a killer bee (6 damage)
             ... on level 6 of the Dungeon.
             The game lasted 00:09:16 (4574 turns).

Geeful the Ruffian (Troll Monk)                     Turns: 4574, Time: 00:09:16

Health: -3/79      AC:  5    Str: 20    XL:     8   Next: 5%
Magic:  7/7        EV: 12    Int:  6    God:
Gold:   345        SH:  0    Dex: 14    Spells: 0 memorised, 7 levels left

rFire  . . .     SeeInvis .       - Unarmed
rCold  + . .     Clarity  .     q - +0 robe {rC+}
rNeg   . . .     SustAt   .     (no shield)
rPois  .         Gourm    +     (helmet restricted)
rElec  .         Spirit   .     (no cloak)
rCorr  .         Warding  .     (gloves unavailable)
rMut   .         Stasis   .     (boots unavailable)
MR     .....                    (no amulet)
Stlth  ++........               (no ring)
                                (no ring)

@: lethally poisoned (-3 -> -15), not resistant to hostile enchantments,
unstealthy
A: unfitting armour, claws 3, fast metabolism 3, gourmand, regeneration 2,
shaggy fur 1, tough skin 2
a: no special abilities


You were on level 6 of the Dungeon.
You were full.

You visited 2 branches of the dungeon, and saw 8 of its levels.

You collected 345 gold pieces.

Inventory:

Armour
 a - a +1 robe
 q - a +0 robe of cold resistance (worn)
Wands
 n - a wand of frost (2)
 v - a wand of polymorph (14)
Scrolls
 e - 3 scrolls of magic mapping
 f - 3 scrolls of blinking
 i - 2 scrolls of amnesia
 k - a scroll of teleportation
 p - 2 scrolls of remove curse
Potions
 d - a potion of heal wounds {unknown}
 g - a potion of resistance {unknown}
 j - a potion of brilliance
 l - 2 potions of agility
 m - 3 potions of curing
 o - a potion of ambrosia {unknown}
 t - a potion of lignification
Comestibles
 b - 5 bread rations
 c - 5 meat rations
 h - 3 beef jerkies
 r - 6 fruits


   Skills:
 + Level 4.5 Fighting
 + Level 4.2 Throwing
 + Level 4.4 Dodging
 - Level 1.1 Stealth
 + Level 6.2 Unarmed Combat


You had 7 spell levels left.
You didn't know any spells.

Dungeon Overview and Level Annotations

Branches:
Dungeon (7/15)             Temple (1/1) D:5

Altars:
Ashenzari
Cheibriados
Dithmenos
Elyvilon
Fedhas
Gozag
Kikubaaqudgha
Makhleb
Nemelex Xobeh
Okawaru
Qazlal
Ru
Sif Muna
Xom
Yredelemnul
Zin
The Shining One


Innate Abilities, Weirdness & Mutations

You are too large for most types of armour.
You have claws for hands.
Your metabolism is lightning-fast.
You like to eat raw meat.
You heal very quickly.
You are covered in fur (AC +1).
You have very tough skin (AC +2).


Message History

The killer bee poisons you! The killer bee barely misses you.
You miss the killer bee.
The killer bee is moderately wounded.
You feel sick. The killer bee stings you.
* * * LOW HITPOINT WARNING * * *
The killer bee stings you but does no damage.
You claw the killer bee!
The killer bee is almost dead.
You feel sick. The killer bee stings you.
* * * LOW HITPOINT WARNING * * *
You are lethally poisoned!
The killer bee poisons you! The killer bee closely misses you.
The killer bee closely misses you. The killer bee stings you!
* * * LOW HITPOINT WARNING * * *
You scratch the killer bee.
You kill the killer bee!
* * * LOW HITPOINT WARNING * * *
You feel very sick. The killer bee stings you.
You die...

# ############## #####
#............# #..(.
#............# #.###
#..|.........# #.# #............#
##########.#
#............#######..........#
#.............................###
#...............@y.(.(...........
#...................#########.###
#...................# #.#..
'...................# #.##.
#...................# #.##.
########<#..........# #.##.
#.#..........# #.##.
#.#..........# #....
#.#..........# #####


You could see a killer bee.

Vanquished Creatures
  An ice beast (D:5)
  Purgy (D:3)
  2 centaurs
  An ogre (D:6)
  A wyvern zombie (D:6)
  A giant frog (D:6)
  A killer bee (D:6)
  5 orc wizards
  A giant frog skeleton (D:5)
  An iguana (D:4)
  Jessica (D:3)
  Terence (D:3)
  Natasha (thrice) (D:3)
  A worker ant (D:4)
  6 adders
  2 shadow imps
  3 giant geckos
  10 orcs
  A ball python (D:1)
  2 bats
  4 giant cockroaches
  4 hobgoblins
  9 kobolds
  5 quokkas
  4 giant newts
  8 goblins
  8 rats
87 creatures vanquished.

Vanquished Creatures (others)
  A wight (D:7)
1 creature vanquished.

Grand Total: 88 creatures vanquished

Notes
Turn   | Place    | Note
--------------------------------------------------------------
     0 | D:1      | Geeful the Troll Monk began the quest for the Orb.
     0 | D:1      | Reached XP level 1. HP: 22/22 MP: 0/0
   440 | D:1      | Reached XP level 2. HP: 29/29 MP: 1/1
   871 | D:2      | Reached skill level 1 in Throwing
  1059 | D:2      | Found a shattered altar of Ashenzari.
  1311 | D:2      | Reached XP level 3. HP: 34/36 MP: 2/2
  1590 | D:3      | Noticed Natasha
  1598 | D:3      | Killed Natasha
  1598 | D:3      | Reached XP level 4. HP: 44/44 MP: 3/3
  1667 | D:3      | Noticed Natasha
  1667 | D:3      | Noticed Purgy
  1685 | D:3      | Killed Purgy
  1685 | D:3      | Reached XP level 5. HP: 18/53 MP: 4/4
  1763 | D:3      | Killed Natasha
  1824 | D:3      | Noticed Terence
  1831 | D:3      | Killed Terence
  1912 | D:3      | Noticed Natasha
  1918 | D:3      | Killed Natasha
  2086 | D:3      | Noticed Jessica
  2090 | D:3      | Killed Jessica
  2090 | D:3      | Reached skill level 5 in Unarmed Combat
  2424 | D:4      | Reached XP level 6. HP: 58/61 MP: 5/5
  3008 | D:5      | Entered Level 5 of the Dungeon
  3083 | D:5      | Reached XP level 7. HP: 68/68 MP: 6/6
  3524 | D:5      | Found a staircase to the Ecumenical Temple.
  3533 | Temple   | Entered the Ecumenical Temple
  4124 | D:6      | Reached skill level 6 in Unarmed Combat
  4323 | D:6      | Reached XP level 8. HP: 67/79 MP: 7/7
  4563 | D:7      | Found a shimmering altar of Xom.
  4574 | D:6      | HP: 3/79 [poisoned by a killer bee]
  4574 | D:6      | Slain by a killer bee

Vault maps used:
D:1:      evilmike_arrival_grusome_pit, hex_tiny, st_stairs_14,
          serial_park_tiny_2
D:2:      first_bread, nicolae_ashenzari_panopticon
D:3:      minmay_misc_feat_plants, uniq_natasha, uniq_purgy, uniq_jessica,
          uniq_terence
D:4:      hangedman_feature_mirror
D:5:      lemuel_temple_firewalk_marked, corexii_corridor_pit
D:7:      xom_confusion_cloud
Temple:   nicolae_temple_the_god_donut

Action                   |  1- 3 |  4- 6 |  7- 9 || total
-------------------------+-------+-------+-------++-------
Melee: Unarmed           |    72 |   143 |    69 ||   284
Evoke: Wand              |       |       |     5 ||     5
  Use: Scroll            |    11 |     1 |     2 ||    14
       Potion            |     2 |       |       ||     2
 Stab: Sleeping          |     4 |     1 |     1 ||     6
       Distracted        |       |     1 |       ||     1
  Eat: Chunk             |    19 |    15 |     9 ||    43
